 Dungeon Crawl Stone Soup version 0.20.1-1-g8b1a95d (webtiles) character file.

1962 Jukra the Cleaver (level 9, -7/118 HPs)
             Began as a Minotaur Berserker on Sept 4, 2017.
             Was a Priest of Trog.
             Killed by divine providence
             ... invoked by an orc priest
              (9 damage)
             ... on level 6 of the Dungeon.
             The game lasted 00:16:35 (4346 turns).

Jukra the Cleaver (Minotaur Berserker)              Turns: 4346, Time: 00:16:38

Health: -7/118     AC:  9    Str: 31    XL:     9   Next: 0%
Magic:  8/8        EV: 12    Int:  4    God:    Trog [***...]
Gold:   208        SH:  4    Dex:  9    Spells: 8/8 levels left

rFire    . . .     SeeInvis +   s - +1 war axe
rCold    . . .     Gourm    .   (no shield)
rNeg     . . .     Faith    .   D - +1 scale mail
rPois    .         Spirit   .   (helmet restricted)
rElec    .         Reflect  .   k - +0 cloak {MR+}
rCorr    .         Harm     .   (no gloves)
MR       ++...     Rnd*Rage +   (no boots)
Stlth    ..........             (no amulet)
Regen    0.3/turn               p - ring of protection from magic
MPRegen  0.2/turn               w - ring of see invisible

@: berserking, very quick
A: retaliatory headbutt, horns 2, large bone plates 1, camouflage 1, berserk 1
a: Berserk, Trog's Hand, Burn Spellbooks, Renounce Religion


You were on level 6 of the Dungeon.
You worshipped Trog.
Trog was most pleased with you.
You were very hungry.

You visited 1 branch of the dungeon, and saw 6 of its levels.

You collected 208 gold pieces.

Inventory:

Hand Weapons
 a - a +0 hand axe
 l - a +0 mace
 q - a +2 vampiric hand axe
 s - a +1 war axe (weapon)
 t - a +0 war axe
 x - a cursed +2 scimitar
 A - a cursed +2 long sword
 E - a +2 hand axe
 G - a +1 short sword of draining
Armour
 k - a +0 cloak of magic resistance (worn)
 m - a +0 ring mail
 v - a cursed +0 ring mail
 D - a +1 scale mail (worn)
Magical Staves
 o - an uncursed staff of wizardry {unknown}
Jewellery
 p - a ring of protection from magic (left hand)
 w - a ring of see invisible (right hand)
 z - an uncursed ring of see invisible
Wands
 n - a wand of polymorph (15/24)
 y - a wand of disintegration (15/24)
Scrolls
 f - 3 scrolls of teleportation
 g - 4 scrolls of immolation
 h - 2 scrolls of enchant armour
 i - 4 scrolls of identify
 C - a scroll of enchant weapon
Potions
 d - a potion of brilliance {unknown}
 e - 7 potions of curing
 j - a potion of ambrosia
 r - 2 potions of heal wounds
Comestibles
 b - 3 fruits
 c - 4 bread rations
 u - a meat ration
 B - a royal jelly


   Skills:
 * Level 7.5 Fighting
 * Level 10.6 Axes
 + Level 6.1 Armour
 + Level 4.0 Dodging
 - Level 1.2 Stealth


You had 8 spell levels left.
You didn't know any spells.

Dungeon Overview and Level Annotations

Branches:
Dungeon (6/15)
 Temple: D:4-7

Altars:
Cheibriados
Ru
Uskayaw


Innate Abilities, Weirdness & Mutations

You reflexively headbutt those who attack you in melee.
You have a pair of horns on your head.
You are partially covered in large bone plates. (SH +4)
Your skin changes colour to match your surroundings (Stealth+).
You tend to lose your temper in combat.


Message History

You barely miss the orc warrior.
The orc warrior is heavily wounded.
You slash the orc warrior!
You kill the orc warrior!
Trog accepts your kill.
You slash the leopard gecko!
You feel the power of Trog in you as your rage grows.
You kill the leopard gecko!
Trog accepts your kill.
You slice the wight!!
You destroy the wight!
Trog accepts your kill.
You have reached level 9!
Your experience leads to an increase in your attributes!
Your base attributes are Str 25, Int 4, Dex 9.
Increase (S)trength, (I)ntelligence, or (D)exterity?
You feel stronger.
The orc priest mumbles some strange prayers to Beogh against you.
Beogh smites you!
You die...

#............#
...........###
..........##
.##......#######
###....##....#
#......#.###
#...#..#.#
#...###..##
#...# ##@# #...
#)# #........zo#
...........#
........#
.#.......
..##..... .
..##.. ..# #..#


You could see a wight and an orc priest.

Vanquished Creatures
  A two-headed ogre (D:6)
  The ghost of letownia the Insei, a novice OpTm (D:4)
  An orc warrior (D:6)
  2 phantoms
  A centaur (D:5)
  An ogre (D:4)
  5 wights (D:6)
  A hound (D:5)
  Crazy Yiuf (D:5)
  An orc priest (D:3)
  2 orc wizards (D:3)
  An iguana (D:5)
  2 worker ants
  A hound skeleton (D:5)
  11 adders
  A shadow imp (D:5)
  2 oozes
  2 dart slugs (D:3)
  2 worms (D:2)
  6 leopard geckos
  12 orcs
  3 ball pythons
  6 giant cockroaches
  A hobgoblin (D:2)
  2 jackals (D:3)
  2 quokkas
  9 bats
  3 frilled lizards
  8 goblins
  6 kobolds
  6 rats
103 creatures vanquished.

Notes
Turn   | Place    | Note
-------+----------+-------------------------------------------
     0 | D:1      | Jukra the Minotaur Berserker began the quest for the Orb.
     0 | D:1      | Reached XP level 1. HP: 19/19 MP: 0/0
   138 | D:1      | Reached XP level 2. HP: 22/27 MP: 1/1
   752 | D:2      | Reached skill level 4 in Axes
   763 | D:2      | Reached XP level 3. HP: 28/34 MP: 2/2
   811 | D:2      | Reached ** piety under Trog
  1161 | D:2      | Reached XP level 4. HP: 34/41 MP: 3/3
  1250 | D:2      | Reached skill level 1 in Stealth
  1647 | D:3      | Found a snail-covered altar of Cheibriados.
  1675 | D:3      | Reached skill level 5 in Fighting
  1675 | D:3      | Reached skill level 5 in Axes
  1679 | D:3      | Reached XP level 5. HP: 18/48 MP: 4/4
  1693 | D:3      | Reached *** piety under Trog
  1696 | D:3      | HP: 2/48 [orc/flail (5)]
  2460 | D:4      | Reached skill level 6 in Axes
  2509 | D:4      | Found a hide-covered altar of Uskayaw.
  2517 | D:4      | Noticed a phantom
  2536 | D:4      | Killed a phantom
  2536 | D:4      | Reached XP level 6. HP: 35/56 MP: 5/5
  2584 | D:4      | Found a sacrificial altar of Ru.
  2797 | D:4      | Noticed letownia's ghost (novice OpTm)
  2818 | D:4      | Killed letownia's ghost
  2818 | D:4      | Reached skill level 7 in Axes
  2818 | D:4      | Reached XP level 7. HP: 11/62 MP: 6/6
  3338 | D:5      | Entered Level 5 of the Dungeon
  3610 | D:5      | Gained mutation: Your skin changes colour to match your surroundings (Stealth+). [potion of mutation]
  3610 | D:5      | Gained mutation: You tend to lose your temper in combat. [potion of mutation]
  3610 | D:5      | Gained mutation: You are partially covered in large bone plates. (SH +4) [potion of mutation]
  3652 | D:5      | Found a runed door.
  3695 | D:5      | Reached skill level 8 in Axes
  3735 | D:5      | Noticed Crazy Yiuf
  3743 | D:5      | Killed Crazy Yiuf
  3900 | D:5      | Reached skill level 5 in Armour
  3900 | D:5      | Reached XP level 8. HP: 19/71 MP: 7/7
  4256 | D:6      | Reached skill level 9 in Axes
  4329 | D:6      | Noticed a two-headed ogre
  4340 | D:6      | HP: 1/106 [two-headed ogre/giant spiked club (20)]
  4341 | D:6      | Killed a two-headed ogre
  4341 | D:6      | Reached skill level 10 in Axes
  4346 | D:6      | Reached XP level 9. HP: 2/79 MP: 8/8
  4346 | D:6      | Killed from afar by an orc priest

Skill      XL: |  1  2  3  4  5  6  7  8 |
---------------+-------------------------+-----
Fighting       | 4 5 6 7 |  7.5
Axes           | 4 5 6 7 8 10 | 10.6
Stealth        | 1 |  1.2
Dodging        | 3 4 |  4.0
Armour         | 3 4 5 6 |  6.1

Action                   |  1- 3 |  4- 6 |  7- 9 || total
-------------------------+-------+-------+-------++-------
Melee: Hand axe          |    56 |   112 |    22 ||   190
       Headbutt          |     9 |    18 |    15 ||    42
       War axe           |       |       |    56 ||    56
Invok: Berserk           |       |     1 |     1 ||     2
  Use: Scroll            |       |       |     9 ||     9
       Potion            |       |       |     8 ||     8
 Stab: Sleeping          |     1 |       |       ||     1
  Eat: Bread ration      |       |     2 |       ||     2
       Chunk             |       |     3 |     2 ||     5
       Fruit             |       |       |     3 ||     3
Armor: Animal skin       |     6 |       |       ||     6
       Leather armour    |     3 |       |       ||     3
       Ring mail         |       |    24 |       ||    24
       Scale mail        |       |       |    21 ||    21
Dodge: Dodged            |    40 |    50 |    40 ||   130
Block: Other             |       |       |     4 ||     4
